 Dungeon Crawl Stone Soup version 0.30.0-19-gbf45117a57 (webtiles) character file.

Game seed: 2600418369003793694

370 qw the Chopper (level 6, 0/40 HPs)
             Began as a Gargoyle Fighter on May 23, 2023.
             Slain by an ogre
             ... wielding a +0 giant spiked club
              (12 damage)
             ... on level 5 of the Dungeon.
             The game lasted 00:01:32 (3821 turns).

qw the Chopper (Gargoyle Fighter)                   Turns: 3821, Time: 00:01:33

Health: 0/40       AC: 16    Str: 18    XL:     6   Next: 70%
Magic:  6/6        EV:  7    Int: 14    God:
Gold:   84         SH:  4    Dex:  9    Spells: 5/5 levels left

rFire   . . .        Y - +0 war axe
rCold   . . .        c - +0 buckler
rNeg    + + +        e - +0 chain mail
rPois   inf          r - +1 helmet
rElec   +            (no cloak)
rCorr   .            (no gloves)
SInv    +            a - +0 pair of boots
Will    .....        (no amulet) Stlth
                     b - ring "Egas" {rN++ Str-4 Int+6 SInv}
HPRegen 0.26/turn    (no ring)
MPRegen 0.10/turn

%: no passive effects
@: no status effects
A: sickness immunity, AC +4, negative energy resistance 1, electricity
resistance, torment resistance 1, petrification resistance
a: no special abilities


You were on level 5 of the Dungeon.
You visited 1 branch of the dungeon, and saw 5 of its levels.

You collected 214 gold pieces.
You spent 130 gold pieces at shops.


Innate Abilities, Weirdness & Mutations

You are immune to sickness and miasma.
Your stone body is resilient. (AC +4)
You are immune to poison.
You resist negative energy. (rN+)
You are resistant to electric shocks. (rElec)
You are resistant to unholy torment.
You are immune to petrification.


   Skills:
 - Level 4.9 Fighting
 + Level 5.5 Axes
 - Level 3.2 Armour
 - Level 3.2 Shields


You had 5 spell levels left.
You didn't know any spells.
Your spell library was empty.

Inventory:

Hand Weapons
 m - a +0 whip
 Y - a +0 war axe (weapon)
Armour
 a - a +0 pair of boots (worn)
 c - a +0 buckler (worn)
 e - a +0 chain mail (worn)
 r - a +1 helmet (worn)
Jewellery
 b - the ring "Egas" (left hand) {rN++ Str-4 Int+6 SInv}
   (You acquired it on level 3 of the Dungeon)

   [ring of intelligence]

   Str:       It affects your strength (-4).
   Int:       It affects your intelligence (+6).
   rN:        It greatly protects you from negative energy.
   SInv:      It lets you see invisible.
 i - a +2 ring of protection
Scrolls
 h - a scroll of identify
 j - a scroll of noise {unknown}
 p - a scroll of teleportation
Potions
 d - 3 potions of might
 f - a potion of cancellation
 g - a potion of curing
 l - a potion of degeneration {unknown}
 n - a potion of haste {unknown}
 q - a potion of attraction

Dungeon Overview and Level Annotations

Branches:
Dungeon (5/15)
 Temple: D:4-7

Altars:

Shops:
D:5 =


Message History

The hound bites you but does no damage.
The hound splashes around in the water.
You hit the hound.
You kill the hound!
You start resting.
A scorpion is nearby!
You hit the scorpion but do no damage.
The scorpion is heavily wounded.
The scorpion stings you.
You hit the scorpion.
The scorpion is severely wounded.
The scorpion splashes around in the water. x2
You hit the scorpion.
You kill the scorpion!
You start resting.
HP restored.
Found a stone staircase leading down.
j - a scroll labelled OSUQAE BADDIAR
Found a scroll of immolation.
An ogre comes into view. It is wielding a +0 giant spiked club.
The ogre shouts!
You hit the ogre but do no damage.
The ogre hits you with a +0 giant spiked club.
You barely miss the ogre.
The ogre hits you with a +0 giant spiked club!!
Ouch! That really hurt!
You hit the ogre.
The ogre is lightly wounded.
The ogre barely misses you.
You hit the ogre.
The ogre is moderately wounded.
The ogre closely misses you.
You hit the ogre but do no damage.
The ogre is moderately wounded.
The ogre hits you with a +0 giant spiked club.
You slash the ogre!
The ogre is severely wounded.
You hit the ogre.
The ogre is severely wounded.
The ogre hits you with a +0 giant spiked club!
You die...

..#.....# .... ..#..\..#
##..# ....
..#.....###..... ...#.
...#...#....##.####.(...
....###..........#......
#.#.....##..##..........
.......####..#..?.......
........# #...#........
........####....@O.....#
~.~~~~~.#.....#........#
~.~~~~~...###......#####
~.~~~~~..## ##....##
~.~~~~~.## .........
~.......# #.........
...~~~~... ..........#
~~.~~~~... .....##..###
~~.~~~~.. ....#.. ..#


You could see an ogre.

Vanquished Creatures
  An ice beast (D:5)
  A scorpion (D:5)
  A jelly (D:4)
  A hound (D:5)
  Jessica (D:2)
  A sleepcap (D:5)
  2 adders (D:2)
  2 ufetubi
  2 worms
  3 dart slugs
  An orc (D:2)
  10 ball pythons
  3 bats
  5 endoplasms
  3 giant cockroaches
  7 goblins
  9 hobgoblins
  3 jackals (D:3)
  3 quokkas
  2 frilled lizards
  3 kobolds
  4 rats
68 creatures vanquished.

Notes
Turn   | Place    | Note
-------+----------+-------------------------------------------
     0 | D:1      | qw the Gargoyle Fighter began the quest for the Orb.
     0 | D:1      | Reached XP level 1. HP: 14/14 MP: 1/1
     0 | D:1      | 0 ||| qw: Version: 0.2-a-98-g5d7165a
     0 | D:1      | 0 ||| qw: Game counter: 50
     0 | D:1      | 0 ||| qw: Always use a shield: true
     0 | D:1      | 0 ||| qw: God list: Okawaru
     0 | D:1      | 0 ||| qw: Allow faded altars: false
     0 | D:1      | 0 ||| qw: Do Orc after D:15 true
     0 | D:1      | 0 ||| qw: Do second Lair branch before Depths: true
     0 | D:1      | 0 ||| qw: Lair rune preference: random
     0 | D:1      | 0 ||| qw: Plans: Normal, Zot:1-4, God:TSO, Crypt, Tomb,
                  | Pan, Slime:5, Hells, Abyss, Win
     0 | D:1      | 0 ||| PLANNING D:1-11
    80 | D:1      | Reached skill level 2 in Axes
   333 | D:1      | Reached XP level 2. HP: 19/19 MP: 2/2
   442 | D:1      | 442 ||| Stepping ~*~*~tactically~*~*~ (stealth).
   744 | D:1      | 744 ||| UPGRADING to +0 chain mail.
   754 | D:1      | 754 ||| DROPPING +0 scale mail.
   755 | D:1      | 755 ||| READING scroll labelled HAYNLAW BUCU.
   756 | D:1      | 756 ||| READING scroll labelled DOLOYSSEAM.
   757 | D:1      | 757 ||| READING scroll labelled ADARUEDEID.
   820 | D:2      | Reached skill level 3 in Axes
   832 | D:2      | Reached XP level 3. HP: 16/23 MP: 3/3
  1102 | D:2      | Noticed Jessica
  1105 | D:2      | Killed Jessica
  1106 | D:2      | Reached skill level 4 in Axes
  1106 | D:2      | Reached XP level 4. HP: 28/28 MP: 4/4
  1232 | D:2      | 1232 ||| Stepping ~*~*~tactically~*~*~ (stealth).
  1240 | D:2      | Found a faded altar of an unknown god.
  1452 | D:2      | 1452 ||| Stepping ~*~*~tactically~*~*~ (stealth).
  1455 | D:2      | 1455 ||| DROPPING +0 club.
  1480 | D:2      | 1480 ||| UPGRADING to +0 pair of boots.
  1485 | D:2      | 1485 ||| READING scroll labelled WATAGOHISISM.
  2329 | D:3      | 2329 ||| READING scroll labelled NIMUMITHO.
  2329 | D:3      | Identified a scroll of acquirement
  2329 | D:3      | 2329 ||| ACQUIRING ring "Egas" {rN++ Str-4 Int+6 SInv}
  2329 | D:3      | Acquired the ring "Egas" {rN++ Str-4 Int+6 SInv}
  2331 | D:3      | 2331 ||| UPGRADING to ring "Egas" {rN++ Str-4 Int+6 SInv}.
  2332 | D:3      | 2332 ||| READING scroll labelled DOFIZE DEJUI.
  2335 | D:3      | 2335 ||| READING scroll labelled ZIXIFU KIRRU.
  2336 | D:3      | 2336 ||| DRINKING 2 dark potions.
  2340 | D:3      | 2340 ||| DRINKING 2 bubbling amethyst potions.
  2341 | D:3      | 2341 ||| DRINKING 2 fuming clear potions.
  2342 | D:3      | 2342 ||| READING 2 scrolls of identify.
  2342 | D:3      | 2342 ||| IDENTIFYING fuming inky potion
  2343 | D:3      | 2343 ||| DROPPING potion of ambrosia.
  2717 | D:4      | 2717 ||| Stepping ~*~*~tactically~*~*~ (hiding).
  2726 | D:4      | Reached XP level 5. HP: 32/32 MP: 5/5
  3334 | D:4      | Reached skill level 5 in Axes
  3504 | D:4      | 3504 ||| UPGRADING to +0 helmet.
  3509 | D:4      | 3509 ||| READING 2 scrolls labelled KIASOA FO UKHLA.
  3510 | D:4      | 3510 ||| READING scroll of enchant armour.
  3510 | D:4      | 3510 ||| ENCHANTING +0 helmet.
  3511 | D:4      | 3511 ||| READING scroll labelled LOUMUNESTRU.
  3512 | D:4      | 3512 ||| DRINKING 2 black potions.
  3513 | D:4      | 3513 ||| DRINKING 3 grey potions.
  3514 | D:4      | 3514 ||| DROPPING 2 potions of magic.
  3552 | D:5      | Entered Level 5 of the Dungeon
  3596 | D:5      | Found Wawinnak's One-of-a-Kind Rings.
  3605 | D:5      | 3605 ||| BUYING +2 ring of protection (130 gold).
  3605 | D:5      | Bought a +2 ring of protection for 130 gold pieces
  3605 | D:5      | 3605 ||| SHOPLISTING +2 ring of slaying (273 gold, have
                  | 84).
  3605 | D:5      | 3605 ||| SHOPLISTING +6 ring of protection (1014 gold, have
                  | 84).
  3605 | D:5      | 3605 ||| SHOPLISTING ring "Niotuab" {rN+ Dex+3 Stlth+} (469
                  | gold, have 84).
  3605 | D:5      | 3605 ||| SHOPLISTING ring "Oputz" {rC- Str+8 Int+6} (686
                  | gold, have 84).
  3605 | D:5      | 3605 ||| SHOPLISTING ring of the Uplifting Enemy {rC+++ rN+
                  | Str+5 Dex-2} (887 gold, have 84).
  3613 | D:5      | Noticed an ice beast
  3623 | D:5      | HP: 4/33 [scorpion (6)]
  3624 | D:5      | 3624 ||| READING 2 scrolls of teleportation.
  3624 | D:5      | HP: 1/33 [scorpion (3)]
  3625 | D:5      | 3625 ||| DRINKING potion of heal wounds.
  3630 | D:5      | 3630 ||| Stepping ~*~*~tactically~*~*~ (water).
  3644 | D:5      | Killed an ice beast
  3645 | D:5      | Reached XP level 6. HP: 13/40 MP: 6/6
  3821 | D:5      | Slain by an ogre

Levels and vault maps discovered:
D:1:      psy_arrival_conway, layout_basic, minmay_vboxes
D:2:      layout_loops_cross, basic_ecumenical_altar, uniq_jessica
D:3:      layout_loops_corners, minmay_pentomino_pile
D:4:      layout_basic, grunt_decor_resistance
D:5:      layout_rooms, mainiacjoe_overflow_six_doors_small, minivault_14,
          nicolae_shop_unique_rings

Skill      XL: |  1  2  3  4  5 |
---------------+----------------+-----
Axes           | 2 3 4 5 |  5.5
Fighting       | 4 |  4.9
Armour         | |  3.2
Shields        | |  3.2

Action                     |  1- 3 |  4- 6 || total
---------------------------+-------+-------++-------
  Melee: War axe           |    81 |   178 ||   259
    Use: Scroll            |     3 |     9 ||    12
         Potion            |       |     6 ||     6
 Armour: Scale mail        |    16 |       ||    16
         Chain mail        |    29 |    99 ||   128
  Dodge: Dodged            |    36 |    58 ||    94
  Block: Buckler           |    20 |    31 ||    51

Table legend:
 A = Non-vault XP
 B = Vault XP
 C = Vault XP percentage of total XP
 D = Non-vault monster count
 E = Vault monster count
 F = Vault count percentage of total count
                 A         B        C        D         E       F
            +---------+---------+-------+---------+---------+-------
      Total |     479 |      50 |   9.5 |      60 |       8 |  11.8
            +---------+---------+-------+---------+---------+-------
        D:1 |      17 |       5 |  22.7 |      10 |       3 |  23.1
        D:2 |      62 |      37 |  37.4 |      19 |       1 |   5.0
        D:3 |      23 |       8 |  25.8 |      12 |       4 |  25.0
        D:4 |      78 |       0 |   0.0 |      14 |       0 |   0.0
        D:5 |     299 |       0 |   0.0 |       5 |       0 |   0.0
            +---------+---------+-------+---------+---------+-------
